 Dungeon Crawl Stone Soup version 0.29-a0-559-g359e09b9d1 (webtiles) character file.

Game seed: 663584341111873512

2 Heedrag the Conjurer (level 1, 0/13 HPs)
             Began as a Demonspawn Conjurer on June 9, 2022.
             Slain by a hobgoblin (3 damage)
             ... on level 1 of the Dungeon.
             The game lasted 00:00:20 (121 turns).

Heedrag the Conjurer (Demonspawn Conjurer)           Turns: 121, Time: 00:00:20

Health: 0/13       AC:  2    Str:  7    XL:     1   Next: 25%
Magic:  1/3        EV: 12    Int: 19    God:
Gold:   0          SH:  0    Dex: 11    Spells: 3/4 levels left

rFire   . . .      SeeInvis .   d - +0 hand crossbow
rCold   . . .      Faith    .   (no shield)
rNeg    . . .      Spirit   .   a - +0 robe
rPois   .          Reflect  .   (no helmet)
rElec   .          Harm     .   (no cloak)
rCorr   .          Rampage  .   (no gloves)
Will    .....                   (no boots)
Stlth   ++........              (no amulet)
HPRegen 0.04/turn               (no ring)
MPRegen 0.08/turn               (no ring)

@: no status effects
A: no striking features
a: no special abilities


You were on level 1 of the Dungeon.
You visited 1 branch of the dungeon, and saw 1 of its levels.

Inventory:

Hand Weapons
 d - a +0 hand crossbow (weapon)
   (You found it on level 1 of the Dungeon)
Armour
 a - a +0 robe (worn)
Potions
 b - a potion of magic
 c - a potion of degeneration {unknown}


   Skills:
 + Level 1.8 Dodging
 + Level 1.8 Stealth
 + Level 2.0 Spellcasting
 * Level 4.0 Conjurations


You had 3 spell levels left.
You knew the following spells:

 Your Spells              Type           Power      Damage    Failure   Level
a - Magic Dart            Conj           68%        1d6       3%          1

Your spell library contained the following spells:

 Spells                   Type           Power      Damage    Failure   Level
 Searing Ray              Conj           34%        2d5       4%          2
 Dazzling Flash           Conj/Hex       18%        N/A       22%         3
 Fulminant Prism          Conj/Hex       4%         3d6       58%         4
 Iskenderun's Mystic Bla  Conj/Tloc      9%         2d4       58%         4


Dungeon Overview and Level Annotations

Branches:
Dungeon (1/15)

Altars:


Message History

There is a stone staircase leading down here.
Found 28 stones.
You see here a +0 hand crossbow.
d - a +0 hand crossbow A frilled lizard comes into view.
A frilled lizard is nearby!
d - a +0 hand crossbow (weapon)
You shoot a bolt. The bolt hits the frilled lizard.
You kill the frilled lizard!
No target in view!
No target in view!
A bat comes into view.
A bat is nearby!
A bat is nearby!
You shoot a bolt. The bolt hits the bat.
You shoot a bolt. The bolt closely misses the bat.
The bat barely misses you. The bat hits you but does no damage.
You shoot a bolt. The bolt barely misses the bat.
The bat barely misses you.
You shoot a bolt.
The bolt hits the bat but does no damage.
The bat closely misses you.
You shoot a bolt. The bolt misses the bat.
The bat hits you but does no damage.
You shoot a bolt. The bolt closely misses the bat.
The bat barely misses you.
You shoot a bolt. The bolt closely misses the bat.
The bat closely misses you.
You shoot a bolt. The bolt hits the bat.
You kill the bat!
No target in view!
A hobgoblin comes into view.
A hobgoblin is nearby!
A hobgoblin is nearby!
A hobgoblin is nearby!
You shoot a bolt.
The bolt hits the hobgoblin but does no damage.
You shoot a bolt.
The bolt hits the hobgoblin but does no damage.
You shoot a bolt.
The bolt hits the hobgoblin but does no damage.
The hobgoblin hits you.
You shoot a bolt. The bolt barely misses the hobgoblin.
The hobgoblin barely misses you. The hobgoblin hits you.
You shoot a bolt. The bolt closely misses the hobgoblin.
The hobgoblin hits you.
* * * LOW HITPOINT WARNING * * *
Aim: a hobgoblin (100% to hit)
The magic dart hits the hobgoblin.
The hobgoblin hits you.
* * * LOW HITPOINT WARNING * * *
Aim: a hobgoblin (lightly wounded, 100% to hit)
The magic dart hits the hobgoblin but does no damage.
The hobgoblin hits you.
You die...

#.# #...# #.#
##..# #.# #..#
(# #..# #..#
#..# #..# #..#
#@g#
.......†.....#
########.###...
.. . .## .# .#
##


You could see a hobgoblin.

Vanquished Creatures
  A bat (D:1)
  A frilled lizard (D:1)
2 creatures vanquished.

Notes
Turn   | Place    | Note
-------+----------+-------------------------------------------
     0 | D:1      | Heedrag the Demonspawn Conjurer began the quest for the
                  | Orb.
     0 | D:1      | Reached XP level 1. HP: 13/13 MP: 3/3
     8 | D:1      | Found a faded altar of an unknown god.
   121 | D:1      | Slain by a hobgoblin

Illustrated notes

Levels and vault maps discovered:
D:1:      mushboom_english_gardens, layout_loops_ring,
          ebering_ecumenical_altar_webs, minmay_three_crescents

Action                   || total
-------------------------++-------
 Fire: Hand crossbow     ||    14
 Cast: Magic Dart        ||     2
Armor: Robe              ||     2
Dodge: Dodged            ||     6

Table legend: (Time is in decaauts)
 A = Elapsed time spent in this place.
 B = Non-inter-level travel time spent in this place.
 C = Inter-level travel time spent in this place.
 D = Time resting spent in this place.
 E = Time spent auto-exploring this place.
 F = Levels seen in this place.
 G = Mean time per level.
                   A        B        C        D        E       F      G
               +--------+--------+--------+--------+--------+-----+--------+
         Total |    127 |    112 |     15 |      0 |     80 |   1 |  127.0 |
       Dungeon |    127 |    112 |     15 |      0 |     80 |   1 |  127.0 |
               +--------+--------+--------+--------+--------+-----+--------+

Top non-repeatable levels by time:
     D:1: 127 daAuts
